 Dungeon Crawl Stone Soup version 0.23-a0-164-g7711e57 (webtiles) character file.

196608 AzimovGozag66 the Slayer (level 17, -16/176 HPs)
             Began as a Minotaur Fighter on Sept 9, 2018.
             Was an Initiate of Gozag.
             Shot with a bolt by a naga sharpshooter (29 damage)
             ... led by Vashnia
             ... on level 2 of the Snake Pit.
             The game lasted 03:22:54 (38662 turns).

AzimovGozag66 the Slayer (Minotaur Fighter)        Turns: 38662, Time: 03:22:56

Health: -16/176    AC: 32    Str: 30    XL:     17   Next: 75%
Magic:  0/6        EV: 17    Int:  3    God:    Gozag
Gold:   6885       SH:  0    Dex: 12    Spells: 16/16 levels left

rFire    + . .     SeeInvis +   i - +8 Wrath of Trog {antimagic, *Rage}
rCold    + . .     Gourm    .   (shield currently unavailable)
rNeg     + . .     Faith    .   h - +4 plate armour {rN+}
rPois    +         Spirit   +   s - +2 hat {SInv}
rElec    +         Reflect  .   T - scarf {Spirit}
rCorr    +         Harm     .   N - +2 pair of gloves
MR       +....     Rnd*Rage +   r - +2 pair of boots Stlth ..........Rnd*Tele +
                                y - amulet of the acrobat
HPRegen  0.39/turn              j - ring of poison resistance
MPRegen  0.10/turn              I - ring of Rapenuer {rElec EV+2 Str+4}

@: resistant, gold aura, berserk cooldown, very slightly contaminated, slowed,
studying Throwing, invisible, very slow
A: retaliatory headbutt, horns 2, dopey 1, teleportitis 1
}: 1/15 runes: decaying
a: Potion Petition, Call Merchant, Bribe Branch, Renounce Religion


You were on level 2 of the Snake Pit.
You worshipped Gozag.
Gozag was greatly pleased with you.
You were not hungry.

You visited 5 branches of the dungeon, and saw 29 of its levels.
You also visited: Ossuary and Ice Cave.

You collected 12869 gold pieces.
You spent 1586 gold pieces at shops.
You paid 4398 gold pieces to Gozag.

Inventory:

Hand Weapons
 i - the +8 Wrath of Trog (weapon) {antimagic, *Rage}
   (You acquired it on level 10 of the Dungeon)

   It reduces the magical energy of the wielder, and disrupts the spells and
   magical abilities of those hit.
   Natural abilities and divine invocations are not affected.
   It may make you go berserk in combat.
 Q - a +6 battleaxe of venom
 U - a +4 arbalest of freezing
 W - the +7 sceptre of Torment
   (You found it in an ice cave)
Missiles
 v - 70 bolts
Armour
 h - a +4 plate armour of positive energy (worn)
 r - a +2 pair of boots (worn)
 s - a +2 hat of see invisible (worn)
 N - a +2 pair of gloves (worn)
 T - a scarf of spirit shield (worn)
Jewellery
 c - a cursed +2 ring of intelligence {unknown}
 g - an uncursed ring of magical power {unknown}
 j - a ring of poison resistance (left hand)
 t - an uncursed ring of magical power {unknown}
 y - an amulet of the acrobat (around neck)
 I - the ring of Rapenuer (right hand) {rElec EV+2 Str+4}
   (You bought it in a shop on level 13 of the Dungeon)

   [ring of evasion]

   It affects your evasion (+2).
   It affects your strength (+4).
   It insulates you from electricity.
 J - a +3 ring of strength
 S - the amulet of Dicsy {Faith rElec rPois Slay-2}
   (You found it on level 2 of the Swamp)

   [amulet of faith]

   It allows you to gain divine favour quickly.
   It affects your accuracy and damage with ranged weapons and melee attacks
   (-2).
   It insulates you from electricity.
   It protects you from poison.
Wands
 a - a wand of random effects (69)
 e - a wand of polymorph (7)
 l - a wand of disintegration (13)
 o - a wand of digging (8)
 u - a wand of iceblast (8)
 C - a wand of paralysis (37)
 E - a wand of acid (42)
 G - a wand of scattershot (7)
Scrolls
 b - 5 scrolls of teleportation
 m - 8 scrolls of magic mapping
 n - 10 scrolls of remove curse
 w - a scroll of holy word
 B - 4 scrolls of amnesia
 H - a scroll of silence
 P - a scroll of enchant armour
 R - 3 scrolls of summoning
 X - 4 scrolls of identify
Potions
 k - a potion of curing
 p - a potion of brilliance
 q - 4 potions of magic
 x - 3 potions of flight
 z - 2 potions of berserk rage
 K - a potion of invisibility
 M - a potion of might
 O - 3 potions of haste
Books
 L - a manual of Throwing
Miscellaneous
 A - 2 boxes of beasts
Comestibles
 f - 16 rations


   Skills:
 * Level 21.9 Fighting
 + Level 16.4 Axes
   Level 0.1(6.1) Slings
 + Level 4.9 Crossbows
 - Level 9.1 Throwing
 * Level 18.7 Armour
 * Level 12.4 Dodging
 - Level 0.1 Stealth
   Level 3.6 Shields
 - Level 4.0 Evocations


You had 16 spell levels left.
You didn't know any spells.
Your spell library contained the following spells:

 Spells                   Type           Power        Failure   Level  Hunger
 Animate Skeleton         Necr           N/A          95%         1    ##.....
 Apportation              Tloc           #.....       95%         1    ##.....
 Confusing Touch          Hex            #.....       95%         1    ##.....
 Flame Tongue             Conj/Fire      #....        95%         1    ##.....
 Magic Dart               Conj           #...         95%         1    ##.....
 Summon Small Mammal      Summ           #...         95%         1    ##.....
 Corpse Rot               Necr           N/A          99%         2    ###....
 Poisonous Vapours        Pois/Air       #.....       99%         2    ###....
 Searing Ray              Conj           #.....       99%         2    ###....
 Sublimation of Blood     Necr           #.........   99%         2    ###....
 Confuse                  Hex            #.......     100%        3    ####...
 Conjure Flame            Conj/Fire      #.......     100%        3    ####...
 Dazzling Spray           Conj/Hex       #.....       100%        3    ####...
 Gell's Gravitas          Tloc           #.........   100%        3    ####...
 Mephitic Cloud           Conj/Pois/Air  #.......     100%        3    ####...
 Recall                   Summ/Tloc      N/A          100%        3    ####...
 Cause Fear               Hex            #.........   100%        4    #####..
 Force Lance              Conj/Tloc      #.......     100%        4    #####..
 Fulminant Prism          Conj/Hex       #.........   100%        4    #####..
 Iskenderun's Mystic Bla  Conj           #.......     100%        4    #####..
 Petrify                  Tmut/Erth      #.......     100%        4    #####..
 Summon Lightning Spire   Summ/Air       #.......     100%        4    #####..
 Agony                    Necr           #.......     100%        5    ######.
 Aura of Abjuration       Summ           #.........   100%        5    ######.
 Bolt of Draining         Conj/Necr      #.........   100%        5    ######.
 Bolt of Magma            Conj/Fire/Erth #.........   100%        5    ######.
 Dispel Undead            Necr           #.......     100%        5    ######.
 Excruciating Wounds      Chrm/Necr      #.........   100%        5    ######.
 Iskenderun's Battlesphe  Conj/Chrm      #.......     100%        5    ######.
 Metabolic Englaciation   Hex/Ice        #.........   100%        5    ######.
 Silence                  Hex/Air        #.........   100%        5    ######.
 Summon Demon             Summ           #.........   100%        5    ######.
 Summon Forest            Summ/Tloc      #.........   100%        5    ######.
 Summon Mana Viper        Hex/Summ       #.......     100%        5    ######.
 Venom Bolt               Conj/Pois      #.........   100%        5    ######.
 Yara's Violent Unravell  Hex/Tmut       #.........   100%        5    ######.
 Bolt of Fire             Conj/Fire      #.........   100%        6    #######
 Conjure Ball Lightning   Conj/Air       #.........   100%        6    #######
 Deflect Missiles         Chrm/Air       #.........   100%        6    #######
 Freezing Cloud           Conj/Ice/Air   #.........   100%        6    #######
 Iron Shot                Conj/Erth      #.........   100%        6    #######
 Shadow Creatures         Summ           N/A          100%        6    #######
 Dragon Form              Tmut           #.........   100%        7    #######
 Orb of Destruction       Conj           #.........   100%        7    #######
 Ring of Flames           Chrm/Fire      #.........   100%        7    #######
 Spellforged Servitor     Conj/Summ      #.........   100%        7    #######
 Dragon's Call            Summ           #.........   100%        9    #######
 Tornado                  Air            #.........   100%        9    #######


Dungeon Overview and Level Annotations

Branches:
Dungeon (15/15)            Temple (0/1) D:4            Lair (6/6) D:9
  Swamp (4/4) Lair:3        Snake (2/4) Lair:3        Slime (0/5) Lair:6
    Orc (2/2) D:9             Elf (0/3) Orc:2        Vaults (0/5) D:13
 Depths (0/5) D:15

Altars:
Ashenzari
Cheibriados
Elyvilon
Gozag
Kikubaaqudgha
Makhleb
Nemelex Xobeh
Ru
Trog
Uskayaw
Vehumet
Wu Jian
Xom
Beogh
Jiyva

Shops:
D:11 %:}   D:13 =   D:15 (   Orc:2 ?*(:[

Portals:
Pandemonium: Orc:2

Annotations:
Swamp:1 exclusion: Roxanne, Roxanne


Innate Abilities, Weirdness & Mutations

You reflexively headbutt those who attack you in melee.
You have a pair of horns on your head.
You are dopey. (Int -2)
You are occasionally teleported next to monsters.


Message History

* * * LOW HITPOINT WARNING * * *
The naga sharpshooter spits poison at you.
The splash of poison misses you.
You feel better.
The naga sharpshooter shoots a bolt.
The bolt closely misses you.
The naga sharpshooter spits poison at you.
The splash of poison hits you! You resist.
The naga sharpshooter shoots a bolt.
The bolt hits you but does no damage.
The naga sharpshooter gestures wildly while chanting.
The naga sharpshooter magically shoots a bolt.
The bolt hits you!
* * * LOW HITPOINT WARNING * * *
You feel protected.
The naga sharpshooter shoots a bolt.
The bolt hits you.
* * * LOW HITPOINT WARNING * * *
The naga sharpshooter casts a spell.
The naga sharpshooter magically shoots a bolt.
The bolt hits you!!
You die...
Your body crumbles into a pile of gold.

#+# ####### ###.###
..##..##....##.....#
..##..##....##§§§§§#
..##..##....##§NNN§#
####..##....## #@#
###....##....###§###
.......##.....##§§.#
.......##.....##..(#
.......'......##...#
.......##.....##...#
.############'##(..#
#############.#....#
##.................#


You could see 3 naga sharpshooters.

Vanquished Creatures
  Vashnia (Snake:2)
  Nikola (Swamp:3)
  Rupert (Lair:4)
  3 acid blobs (Lair:6)
  4 thorn hunters
  Frances (D:12)
  Gastronok (Lair:3)
  Kirke (D:12)
  A frost giant (IceCv)
  Louise (D:15)
  Snorg (D:12)
  3 fire dragons (Swamp:4)
  Josephine (Lair:4)
  Fannar (D:10)
  Harold (Lair:2)
  17 hydras
  4 ghost crabs
  3 shambling mangroves
  A rakshasa (D:13)
  A catoblepas (Lair:6)
  2 centaur warriors
  Erica (D:9)
  2 naga warriors
  An anaconda (Snake:2)
  11 two-headed ogres
  8 alligators
  3 tengu warriors
  An ogre mage (D:13)
  Urug (Lair:3)
  4 naga sharpshooters (Snake:2)
  A shock serpent (Snake:2)
  The ghost of enarc13 the Jinx, a novice HuEn of Ru (D:10)
  A deep elf knight (D:13)
  8 orc high priests (Orc:2)
  A salamander mystic (Snake:1)
  A skeletal warrior (D:13)
  The ghost of Grug the Blocker, a novice FoFi of Qazlal (D:13)
  2 fire crabs
  A glowing orange brain (D:15)
  A sixfirhy (D:7)
  3 unseen horrors
  An infernal demonspawn (Orc:2)
  An unseen horror (shapeshifter) (D:15)
  Pikel (D:8)
  3 spriggan druids
  7 swamp dragons
  5 orc knights
  5 mana vipers
  A lindwurm (Swamp:4)
  A wolf spider (Lair:6)
  5 orc sorcerers
  9 ugly things
  2 deep elf magi (D:12)
  3 cyclopes
  4 manticores
  5 salamanders
  A guardian serpent (Lair:6)
  A moth of wrath (shapeshifter) (D:15)
  A centaur zombie (D:12)
  8 elephants
  3 moths of wrath (Swamp:2)
  5 naga magi
  12 black mambas
  Joseph (D:8)
  An ice statue (IceCv)
  2 orange demons (Orc:2)
  18 spiny frogs
  4 gargoyles
  2 torpor snails
  6 komodo dragons
  A freezing wraith (D:14)
  A komodo dragon (shapeshifter) (D:14)
  A yaktaur (shapeshifter) (D:14)
  A hellwing (Orc:2)
  7 rime drakes
  An ice devil (Orc:2)
  A polar bear (shapeshifter) (D:15)
  20 tyrant leeches
  9 trolls
  17 polar bears
  19 hornets
  8 hippogriffs
  8 slime creatures
  22 blink frogs
  6 bog bodies
  47 yaks
  3 redbacks (Lair:6)
  10 spriggans
  A shadow (Swamp:2)
  A vampire (D:12)
  A ynoxinul (Orc:2)
  19 wyverns
  7 basilisks
  6 wraiths
  A human (D:7)
  7 hogs
  A steam dragon (Swamp:4)
  Grum (D:9)
  A neqoxec (Orc:2)
  15 vampire mosquitoes
  A chaos spawn (Orc:2)
  5 wargs
  11 nagas
  15 swamp worms
  21 water moccasins
  An acid dragon (D:14)
  A hell hound (Lair:5)
  14 swamp drakes
  29 orc warriors
  7 porcupines
  4 sky beasts
  3 slaves (D:8)
  An ice beast (shapeshifter) (D:15)
  A hornet zombie (D:9)
  12 ice beasts
  5 phantoms
  15 ogres
  25 wolves
  A centaur (shapeshifter) (D:15)
  5 centaurs
  A necrophage (D:12)
  17 crocodiles
  2 big kobolds
  17 bullfrogs
  A wyvern zombie (D:12)
  A wyvern skeleton (D:13)
  3 scorpions
  4 killer bees (D:10)
  9 crimson imps
  3 howler monkeys
  2 quasits
  A bullfrog skeleton (D:13)
  7 centaur skeletons
  27 orc priests
  3 hounds
  2 jellies
  17 orc wizards
  A gnoll shaman (D:5)
  7 iguanas
  8 worker ants
  5 hell rats (Lair:3)
  3 big kobold zombies (Ossuary)
  A hound zombie (D:9)
  2 hound skeletons (D:10)
  A mummy (Ossuary)
  A worker ant zombie (D:6)
  7 gnolls (D:5)
  A howler monkey zombie (D:11)
  12 adders
  2 shadow imps
  An adder zombie (D:5)
  An adder skeleton (D:5)
  3 worms (D:2)
  2 leopard geckos
  100 orcs
  2 ball pythons
  4 giant cockroaches
  A giant cockroach (shapeshifter) (D:15)
  6 gnoll zombies (Ossuary)
  11 goblins
  7 hobgoblins
  18 jackals
  2 quokkas
  6 bats
  2 bat simulacra (Ossuary)
  3 frilled lizards
  A giant cockroach zombie (D:5)
  3 goblin simulacra (Ossuary)
  3 goblin zombies (Ossuary)
  6 hobgoblin zombies (Ossuary)
  A jackal skeleton (D:5)
  19 kobolds
  6 kobold simulacra (Ossuary)
  5 kobold zombies (Ossuary)
  4 orc zombies (Ossuary)
  10 rats
  5 rat simulacra (Ossuary)
  7 spectral goblins (Ossuary)
  4 spectral kobolds (Ossuary)
  5 spectral rats (Ossuary)
  8 fungi
  15 plants
1080 creatures vanquished.

Vanquished Creatures (others)
  2 swamp dragons (Swamp:4)
  A lindwurm (Swamp:4)
  A tyrant leech (Swamp:2)
  A hornet (Swamp:3)
  A steam dragon (Swamp:4)
  A vampire mosquito (Swamp:4)
  8 swamp drakes
  A wolf (IceCv)
  An orc priest (Orc:2)
  An orc wizard (D:7)
  A worker ant (D:7)
  2 briar patches (Swamp:1)
  9 fungi
  19 plants
49 creatures vanquished.

Grand Total: 1129 creatures vanquished

Notes
Turn   | Place    | Note
-------+----------+-------------------------------------------
     0 | D:1      | AzimovGozag66 the Minotaur Fighter began the quest for the
                  | Orb.
     0 | D:1      | Reached XP level 1. HP: 19/19 MP: 0/0
   160 | D:1      | Reached XP level 2. HP: 27/27 MP: 1/1
   189 | D:1      | Reached skill level 4 in Fighting
   817 | D:2      | Found an opulent altar of Gozag.
   824 | D:2      | Reached XP level 3. HP: 31/33 MP: 2/2
   826 | D:2      | Reached skill level 1 in Dodging
   852 | D:2      | Became a worshipper of Gozag Ym Sagoz the Greedy
  1087 | D:2      | Found a radiant altar of Vehumet.
  1090 | D:2      | Found a bloodstained altar of Trog.
  1211 | D:2      | Found a hide-covered altar of Uskayaw.
  1227 | D:2      | Found a sacrificial altar of Ru.
  1464 | D:2      | Reached XP level 4. HP: 38/41 MP: 3/3
  1499 | D:2      | Found a white marble altar of Elyvilon.
  1500 | D:2      | Found a snail-covered altar of Cheibriados.
  1568 | D:2      | Found a burning altar of Makhleb.
  2021 | D:3      | Noticed a phantom
  2056 | D:3      | Killed a phantom
  2056 | D:3      | Reached skill level 5 in Armour
  2056 | D:3      | Reached XP level 5. HP: 47/47 MP: 4/4
  2415 | D:3      | Found a shattered altar of Ashenzari.
  2750 | D:4      | Found a sand-covered staircase.
  2757 | Ossuary  | Entered an ossuary
  2831 | Ossuary  | Reached XP level 6. HP: 55/55 MP: 5/5
  2863 | Ossuary  | Reached skill level 5 in Axes
  2884 | Ossuary  | Reached skill level 5 in Fighting
  3540 | D:4      | Found a staircase to the Ecumenical Temple.
  3818 | D:5      | Entered Level 5 of the Dungeon
  3830 | D:5      | Reached XP level 7. HP: 55/61 MP: 6/6
  4023 | D:5      | Reached skill level 6 in Fighting
  4427 | D:5      | Reached XP level 8. HP: 70/70 MP: 7/7
  5215 | D:6      | Found an ornate altar of the Wu Jian Council.
  5306 | D:6      | Reached skill level 7 in Fighting
  5871 | D:6      | Found an ancient bone altar of Kikubaaqudgha.
  6425 | D:7      | Reached XP level 9. HP: 79/79 MP: 8/8
  6426 | D:7      | Found a shimmering altar of Xom.
  6505 | D:7      | Found a runed door.
  6507 | D:7      | Noticed a sixfirhy
  6551 | D:7      | Reached skill level 5 in Dodging
  6555 | D:7      | Reached skill level 8 in Fighting
  6703 | D:7      | Killed a sixfirhy
  6703 | D:7      | Reached skill level 10 in Axes
  7622 | D:8      | Found a sparkling altar of Nemelex Xobeh.
  7714 | D:8      | Noticed Joseph
  7729 | D:8      | Killed Joseph
  7729 | D:8      | Reached skill level 9 in Fighting
  8300 | D:8      | Noticed Pikel
  8319 | D:8      | Killed Pikel
  8319 | D:8      | Reached XP level 10. HP: 68/91 MP: 9/9
  9165 | D:9      | Found a bloodstained altar of Trog.
  9177 | D:9      | Found a staircase to the Orcish Mines.
  9533 | D:9      | Found a staircase to the Lair.
  9538 | D:9      | Reached skill level 10 in Fighting
  9633 | D:9      | Noticed Grum
  9641 | D:9      | Reached skill level 10 in Armour
  9692 | D:9      | Killed Grum
 10287 | D:9      | Noticed Erica
 10294 | D:9      | Killed Erica
 10355 | D:10     | Entered Level 10 of the Dungeon
 10355 | D:10     | Noticed Fannar
 10377 | D:10     | Killed Fannar
 10377 | D:10     | Reached XP level 11. HP: 69/101 MP: 10/10
 10714 | D:10     | Found a runed gate.
 10714 | D:10     | Found a runed gate.
 10716 | D:10     | Found a runed gate.
 10721 | D:10     | Killed an unseen horror
 10727 | D:10     | Noticed enarc13's ghost (novice HuEn)
 10727 | D:10     | Noticed a ten-headed hydra
 10755 | D:10     | Reached skill level 11 in Fighting
 11255 | D:10     | Killed an unseen horror
 11500 | D:10     | Identified a scroll of acquirement
 11501 | D:10     | Found the +8 Wrath of Trog {antimagic, *Rage}
 11602 | D:11     | Noticed a purple ugly thing
 11610 | D:11     | Killed a purple ugly thing
 11872 | D:11     | Found a bloodstained altar of Trog.
 11975 | D:11     | Found a bloodstained altar of Trog.
 11979 | D:11     | Found Duphaub's Book Shop.
 11993 | D:11     | Noticed a cyan ugly thing
 12001 | D:11     | Killed a cyan ugly thing
 12255 | D:11     | Noticed a two-headed ogre
 12261 | D:11     | Killed a two-headed ogre
 12481 | D:11     | Found Denokud's Food Shoppe.
 12498 | D:11     | Bought a ration for 70 gold pieces
 12571 | D:11     | Found Diuq's Gadget Emporium.
 13132 | D:10     | Killed a 13-headed hydra
 13139 | D:10     | Killed enarc13's ghost
 13139 | D:10     | Reached skill level 12 in Fighting
 13228 | D:10     | Got a transparent war axe
 13232 | D:10     | Identified the cursed +0 war axe of Courage {elec, +Rage}
                  | (You found it on level 10 of the Dungeon)
 13445 | D:12     | Reached XP level 12. HP: 104/112 MP: 11/11
 13536 | D:12     | Noticed Snorg
 13570 | D:12     | Killed Snorg
 14601 | D:12     | Noticed Frances
 14636 | D:12     | Killed Frances
 15516 | D:12     | Noticed Kirke
 15534 | D:12     | Killed Kirke
 15534 | D:12     | Reached skill level 13 in Fighting
 15534 | D:12     | Reached skill level 15 in Axes
 15729 | D:13     | Noticed a rakshasa
 15746 | D:13     | Killed a rakshasa
 15815 | D:13     | Bought the ring of Rapenuer {rElec EV+2 Str+4} for 421 gold
                  | pieces
 15815 | D:13     | Bought a cursed +3 ring of strength for 165 gold pieces
 15877 | D:13     | Noticed an ogre mage
 15880 | D:13     | Noticed a two-headed ogre
 15884 | D:13     | Reached XP level 13. HP: 122/122 MP: 4/12
 16349 | D:13     | Found a gate to the Vaults.
 16388 | D:13     | Found a transporter.
 16389 | D:13     | Found a transporter.
 16389 | D:13     | Noticed Grug's ghost (novice FoFi)
 16776 | D:13     | Reached skill level 14 in Fighting
 16781 | D:13     | Killed Grug's ghost
 17196 | D:14     | Reached skill level 1 in Throwing
 17948 | D:15     | Entered Level 15 of the Dungeon
 17954 | D:15     | Bought a +1 hunting sling of flaming for 126 gold pieces
 17954 | D:15     | Bought a +3 battleaxe of venom for 322 gold pieces
 18085 | D:15     | Bought 11 stones for 14 gold pieces
 18085 | D:15     | Bought 14 stones for 18 gold pieces
 18145 | D:15     | Noticed Louise
 18157 | D:15     | Reached skill level 10 in Dodging
 18191 | D:15     | Reached skill level 15 in Fighting
 18201 | D:15     | Killed Louise
 18201 | D:15     | Reached XP level 14. HP: 135/135 MP: 4/13
 18911 | D:15     | Found a staircase to the Depths.
 19354 | Lair:1   | Entered Level 1 of the Lair of Beasts
 20084 | Lair:2   | Noticed Harold
 20095 | Lair:2   | Killed Harold
 20591 | Lair:2   | Got a crystal hand crossbow
 20603 | Lair:2   | Identified the +9 hand crossbow "Embalmer" {speed, *Drain
                  | MR++ Int+7} (You found it on level 2 of the Lair of Beasts)
 20629 | Lair:2   | Reached skill level 16 in Fighting
 20867 | Lair:3   | Reached skill level 5 in Throwing
 20867 | Lair:3   | Reached skill level 15 in Armour
 20962 | Lair:3   | Noticed Gastronok
 20972 | Lair:3   | Killed Gastronok
 21162 | Lair:3   | Noticed Urug
 21181 | Lair:3   | Killed Urug
 21316 | Lair:3   | Found a staircase to the Snake Pit.
 21502 | Lair:3   | Found a staircase to the Swamp.
 22046 | Lair:4   | Noticed Josephine
 22058 | Lair:4   | Killed Josephine
 22481 | Lair:4   | Noticed Rupert
 22493 | Lair:4   | Killed Rupert
 22493 | Lair:4   | Reached skill level 17 in Fighting
 22694 | Lair:4   | You fall through a shaft!
 23268 | Lair:5   | Reached XP level 15. HP: 127/147 MP: 14/14
 23756 | Lair:6   | Entered Level 6 of the Lair of Beasts
 23971 | Lair:6   | Paralysed by a hornet for 2 turns
 24099 | Lair:6   | Found a frozen archway.
 24302 | IceCv    | Entered an ice cave
 24573 | IceCv    | Reached skill level 18 in Fighting
 24711 | IceCv    | Noticed a frost giant
 24731 | IceCv    | Killed a frost giant
 24793 | IceCv    | Found the +7 sceptre of Torment
 25044 | Lair:6   | Reached skill level 1 in Crossbows
 25944 | Lair:6   | Found a runed door.
 25944 | Lair:6   | Found a viscous altar of Jiyva.
 25944 | Lair:6   | Found a staircase to the Slime Pits.
 25944 | Lair:6   | Noticed an acid blob
 25944 | Lair:6   | Noticed an acid blob
 25944 | Lair:6   | Noticed an acid blob
 26457 | Lair:6   | Killed an acid blob
 26457 | Lair:6   | Reached skill level 19 in Fighting
 26461 | Lair:6   | Killed an acid blob
 26464 | Lair:6   | Killed an acid blob
 26733 | Orc:1    | Entered Level 1 of the Orcish Mines
 26753 | Orc:1    | You fall through a shaft!
 26753 | Orc:2    | Entered Level 2 of the Orcish Mines
 26790 | Orc:2    | Found a roughly hewn altar of Beogh.
 27023 | Orc:2    | Found Moho's Antique Weapon Boutique.
 27300 | Orc:2    | Found Omnaevuc's General Store.
 27302 | Orc:2    | Reached XP level 16. HP: 155/160 MP: 15/15
 27303 | Orc:2    | Found Bosuarum's Magic Scroll Shop.
 27399 | Orc:2    | Gained mutation: You are occasionally teleported next to
                  | monsters. [a neqoxec]
 27401 | Orc:2    | Gained mutation: You are dopey. (Int -2) [a neqoxec]
 28284 | Orc:2    | Found Xuuze's Antique Armour Emporium.
 28284 | Orc:2    | Found a one-way gate leading to the halls of Pandemonium.
 28284 | Orc:2    | Found Xiokhlah's Book Shoppe.
 28396 | Orc:2    | Bought a potion of heal wounds for 90 gold pieces
 28396 | Orc:2    | Bought 2 potions of haste for 360 gold pieces
 28504 | Orc:2    | Found a staircase to the Elven Halls.
 28968 | Orc:1    | Paralysed by an orc sorcerer for 6 turns
 29427 | Swamp:1  | Entered Level 1 of the Swamp
 29437 | Swamp:1  | Noticed Roxanne
 29710 | Swamp:1  | Noticed a thorn hunter
 29723 | Swamp:1  | Killed a thorn hunter
 29723 | Swamp:1  | Reached skill level 20 in Fighting
 29723 | Swamp:1  | Reached skill level 1 in Evocations
 31251 | Swamp:2  | Noticed a thorn hunter
 31266 | Swamp:2  | Killed a thorn hunter
 32136 | Swamp:2  | Got a smoking platinum amulet
 33120 | Swamp:3  | Noticed Nikola
 33141 | Swamp:3  | Killed Nikola
 33569 | Swamp:3  | Identified the amulet of Dicsy {Faith rElec rPois Slay-2}
                  | (You found it on level 2 of the Swamp)
 34147 | Swamp:4  | Entered Level 4 of the Swamp
 34185 | Swamp:4  | Reached XP level 17. HP: 145/172 MP: 15/18
 34705 | Swamp:4  | Reached skill level 21 in Fighting
 36220 | Swamp:4  | Got a decaying rune of Zot
 36384 | Snake:1  | Entered Level 1 of the Snake Pit
 38626 | Snake:2  | Noticed Vashnia
 38648 | Snake:2  | Killed Vashnia
 38662 | Snake:2  | Shot with a bolt by a naga sharpshooter

Vault maps used:
D:1:      evilmike_arrival_crescent
D:2:      old_standard_altar, bloody_makhleb, grunt_temple_overflow_cloverleaf,
          nicolae_overflow_hidden_temple, grunt_ministairs_8,
          serial_bayou_lagoon_a
D:3:      lemuel_round_altar
D:4:      temple_green, chequers_ossuary_entry_cave
D:5:      first_ration
D:6:      kennysheep_mini, kennysheep_little_box
D:7:      cheibrodos_shockbox, xom_confusion_cloud, grunt_livestock
D:8:      nemelex_xobeh_ov_fountains_minmay, uniq_joseph, uniq_pikel
D:9:      erik_lair_orcish_takeover, orc_0_dummy, trog_three_pillars_becter,
          uniq_erica, uniq_grum
D:10:     gammafunk_ghost_hydra_chop, uniq_fannar
D:11:     serial_shops, shop, nicolae_shop_behind_doors, nicolae_shop_trees,
          basic_altar, bloody_trog
D:12:     uniq_kirke, uniq_frances, uniq_snorg
D:13:     hangedman_vaults_entry_quadrant_bands, gammafunk_ghost_smash
D:14:     hangedman_decor_peaks_small
D:15:     gammafunk_enter_depths_forms, minmay_misc_feat_hallway, st_stairs_1,
          uniq_louise
Lair:1:   st_stairs_4, serial_bayou_shore_b
Lair:2:   infiniplex_staircase_pool_2, lemuel_fruit_fields, uniq_harold
Lair:3:   minmay_swamp_entry_worms, minmay_snake_entry_guardpost_large,
          uniq_gastronok, uniq_urug
Lair:4:   uniq_josephine, uniq_rupert
Lair:5:   special_room, serial_bayou_shore_b
Lair:6:   hangedman_lair_tendril_chambers, slime_altar_2,
          nicolae_volcano_entry_s_turn, portal_ice_cave_entry_ice_beasts,
          hibernation_bobbens
Swamp:1:  evilmike_swamp_ruin_house_2, swamp_pool4, uniq_roxanne
Swamp:2:  evilmike_swamp_ruin_rubble_2, swamp_pool5, worms_lemuel
Swamp:3:  hangedman_swamp_ruin_wall, swamp_pool1, uniq_nikola
Swamp:4:  swamp_fiery, swamp_pool4, infiniplex_staircase_pool
Snake:1:  nicolae_snake_biting_tails
Snake:2:  grunt_megastairs_1, uniq_vashnia
Orc:2:    pf_orc_diabolical, serial_shops, shop, kennysheep_orc_chapel
Ossuary:  ossuary_zaba_two_paths
IceCv:    ice_cave_caverns_03

Skill      XL: |  1  2  3  4  5  6  7  8  9 10 11 12 13 14 15 16 17 |
---------------+----------------------------------------------------+-----
Armour         | 4 5 6 7 9 10 12 13 14 15 16 17 18 | 18.7
Fighting       | 4 5 6 7 9 10 12 13 15 17 19 20 21 | 21.9
Dodging        | 1 2 3 4 6 7 8 9 10 11 12 | 12.4
Axes           | 3 4 6 7 8 10 11 13 15 16 | 16.4
Throwing       | 3 6 8 9 |  9.1
Crossbows      | 2 4 |  4.9
Evocations     | 2 4 |  4.0
Slings         | |  0.1
Stealth        | |  0.1
Shields        | |  3.6

Action                   |  1- 3 |  4- 6 |  7- 9 | 10-12 | 13-15 | 16-18 || total
-------------------------+-------+-------+-------+-------+-------+-------++-------
Melee: War axe           |   124 |   233 |   293 |   419 |   134 |       ||  1203
       Headbutt          |    14 |    42 |    60 |   127 |   220 |   198 ||   661
       Battleaxe         |       |       |       |    85 |   736 |   659 ||  1480
 Fire: Hunting sling     |       |       |       |       |     5 |       ||     5
       Arbalest          |       |       |       |       |       |    88 ||    88
Throw: Javelin           |       |       |       |       |     2 |    11 ||    13
Invok: Potion Petition   |     1 |       |       |       |     1 |     6 ||     8
       Call Merchant     |       |       |       |     1 |     1 |       ||     2
Evoke: Wand              |       |       |       |       |     1 |     8 ||     9
  Use: Scroll            |     8 |     9 |     1 |     9 |    16 |    12 ||    55
       Potion            |       |     2 |     3 |    11 |     8 |    18 ||    42
 Stab: Distracted        |       |       |     1 |     2 |     6 |     4 ||    13
       Invisible         |       |       |       |       |    14 |     2 ||    16
  Eat: Ration            |     1 |     2 |     4 |     8 |    11 |    11 ||    37
Armor: Plate armour      |    76 |   127 |   143 |   331 |   390 |   470 ||  1537
       Scale mail        |     3 |       |       |       |       |       ||     3
       Skin              |       |       |     8 |       |       |       ||     8
Dodge: Dodged            |    16 |    36 |    76 |   196 |   597 |   602 ||  1523
Block: Shield            |    63 |   102 |   115 |   165 |       |       ||   445

Table legend:
 A = Non-vault XP
 B = Vault XP
 C = Vault XP percentage of total XP
 D = Non-vault monster count
 E = Vault monster count
 F = Vault count percentage of total count
                 A         B        C        D         E       F
            +---------+---------+-------+---------+---------+-------
      Total |  145039 |  126482 |  46.6 |     674 |     382 |  36.2
            +---------+---------+-------+---------+---------+-------
        D:1 |      23 |       0 |   0.0 |      15 |       0 |   0.0
        D:2 |      99 |       6 |   5.7 |      29 |       2 |   6.5
        D:3 |     199 |       0 |   0.0 |      26 |       0 |   0.0
        D:4 |     220 |       0 |   0.0 |      13 |       0 |   0.0
        D:5 |    1264 |       0 |   0.0 |      43 |       0 |   0.0
        D:6 |     762 |       0 |   0.0 |      28 |       0 |   0.0
        D:7 |     147 |    1758 |  92.3 |       8 |       9 |  52.9
        D:8 |     395 |    1124 |  74.0 |      10 |       2 |  16.7
        D:9 |    1732 |    2228 |  56.3 |      23 |      13 |  36.1
       D:10 |    3956 |    2791 |  41.4 |      34 |       3 |   8.1
       D:11 |    2920 |       0 |   0.0 |      22 |       0 |   0.0
       D:12 |    7748 |    5921 |  43.3 |      40 |       6 |  13.0
       D:13 |    6013 |   11861 |  66.4 |      35 |      24 |  40.7
       D:14 |    4706 |       0 |   0.0 |      14 |       0 |   0.0
       D:15 |    7827 |    5063 |  39.3 |      16 |      10 |  38.5
     Lair:1 |    3091 |     576 |  15.7 |      16 |       3 |  15.8
     Lair:2 |    5352 |    1007 |  15.8 |      26 |       1 |   3.7
     Lair:3 |    4348 |    3895 |  47.3 |      21 |       7 |  25.0
     Lair:4 |    7694 |    4752 |  38.2 |      24 |       7 |  22.6
     Lair:5 |    4558 |    5249 |  53.5 |      17 |      20 |  54.1
     Lair:6 |   10116 |   19535 |  65.9 |      35 |      51 |  59.3
    Swamp:1 |    8562 |       0 |   0.0 |      19 |       0 |   0.0
    Swamp:2 |   16562 |    5818 |  26.0 |      30 |      21 |  41.2
    Swamp:3 |    6391 |    3473 |  35.2 |      14 |       2 |  12.5
    Swamp:4 |   20446 |   14177 |  40.9 |      47 |      21 |  30.9
    Snake:1 |    7001 |       0 |   0.0 |      14 |       0 |   0.0
    Snake:2 |    8847 |    8301 |  48.4 |      17 |       6 |  26.1
      Orc:1 |    2024 |       0 |   0.0 |      20 |       0 |   0.0
      Orc:2 |    2036 |   17416 |  89.5 |      18 |      69 |  79.3
    Ossuary |       0 |     145 | 100.0 |       0 |      59 | 100.0
      IceCv |       0 |   11386 | 100.0 |       0 |      46 | 100.0
            +---------+---------+-------+---------+---------+-------
